 Dungeon Crawl Stone Soup version 0.23-a0-183-gf37f6fb (webtiles) character file.

9 galech the Skirmisher (level 2, 9/24 HPs)
             Began as a Demonspawn Fighter on Sept 21, 2018.
             Quit the game on level 1 of the Dungeon.
             The game lasted 00:00:18 (210 turns).

galech the Skirmisher (Demonspawn Fighter)           Turns: 210, Time: 00:00:20

Health: 9/24       AC:  6    Str: 16    XL:     2   Next: 6%
Magic:  2/2        EV:  6    Int:  9    God:
Gold:   35         SH:  8    Dex: 12    Spells: 1/1 levels left

rFire    . . .     SeeInvis .   a - +0 war axe
rCold    . . .     Gourm    .   c - +0 shield
rNeg     . . .     Faith    .   b - +0 scale mail
rPois    .         Spirit   .   (no helmet)
rElec    .         Reflect  .   (no cloak)
rCorr    .         Harm     .   (no gloves)
MR       .....                  (no boots)
Stlth    ..........             (no amulet)
HPRegen  0.08/turn              (no ring)
MPRegen  0.08/turn              (no ring)

@: no status effects
A: claws 1
a: no special abilities


You were on level 1 of the Dungeon.
You were not hungry.

You visited 1 branch of the dungeon, and saw 1 of its levels.

You collected 35 gold pieces.

Inventory:

Hand Weapons
 a - a +0 war axe (weapon)
Armour
 b - a +0 scale mail (worn)
 c - a +0 shield (worn)
Scrolls
 e - a scroll of identify {unknown}
 h - a scroll of amnesia {unknown}
Potions
 d - a potion of might
 g - a potion of agility {unknown}
Comestibles
 f - a ration
 i - 2 chunks of flesh


   Skills:
 + Level 3.1 Fighting
 + Level 1.8 Axes
 + Level 2.8 Armour
 + Level 3.0 Shields


You had one spell level left.
You didn't know any spells.
Your spell library was empty.

Dungeon Overview and Level Annotations

Branches:
Dungeon (1/15)

Altars:


Innate Abilities, Weirdness & Mutations

You have sharp fingernails.


Message History

The jackal bites you but does no damage.
The jackal barely misses you.
The jackal bites you but does no damage.
Your shield and scale mail prevent you from hitting the jackal.
You closely miss the jackal. You block the jackal's attack.
The jackal bites you but does no damage.
You block the jackal's attack. The jackal barely misses you.
You closely miss the jackal. x2; The jackal bites you. x2
The jackal closely misses you. You block the jackal's attack.
Your shield and scale mail prevent you from hitting the jackal.
You miss the jackal. You block the jackal's attack. x2
The jackal bites you but does no damage. x3
You slash the jackal!
You kill the jackal!
You have reached level 2!
Your demonic ancestry asserts itself...
Your fingernails lengthen.
You slash the jackal!
You kill the jackal!
Are you sure you want to abandon this character and quit the game? (Confirm

#.# ..###
#.#.#.#
#.#......
#.###.#
#.#......
.. #
#.#$.....
#.#......
#.#......
#.#......
#†#######
#@†......
#########


There were no monsters in sight!

Vanquished Creatures
  A bat (D:1)
  A giant cockroach (D:1)
  A hobgoblin (D:1)
  4 jackals (D:1)
7 creatures vanquished.

Notes
Turn   | Place    | Note
-------+----------+-------------------------------------------
     0 | D:1      | galech the Demonspawn Fighter began the quest for the Orb.
     0 | D:1      | Reached XP level 1. HP: 18/18 MP: 1/1
   209 | D:1      | Gained mutation: You have sharp fingernails. [demonic
                  | ancestry]
   209 | D:1      | Reached XP level 2. HP: 9/24 MP: 2/2
   210 | D:1      | Quit the game

Vault maps used:
D:1:      evilmike_arrival_run_for_it, serial_co_window_serial,
          co_window_corner_a, co_window_paths_a, co_window_paths_b,
          co_window_corner_a, co_window_corner_a, co_window_cross_1,
          co_window_corner_a, co_window_2corner, co_window_of_opportunity_b,
          co_window_2corner, co_window_corner_cb, co_window_corner_cb,
          glass_columns_c, glass_columns_a, glass_columns_c, glass_columns_c

Skill      XL: |  1 |
---------------+----+-----
Shields        | 3 |  3.0
Fighting       | |  3.1
Axes           | |  1.8
Armour         | |  2.8

Action                   || total
-------------------------++-------
Melee: War axe           ||    28
Armor: Scale mail        ||    25
Dodge: Dodged            ||     8
Block: Shield            ||    30

Table legend:
 A = Non-vault XP
 B = Vault XP
 C = Vault XP percentage of total XP
 D = Non-vault monster count
 E = Vault monster count
 F = Vault count percentage of total count
                 A         B        C        D         E       F
            +---------+---------+-------+---------+---------+-------
      Total |      14 |       0 |   0.0 |       7 |       0 |   0.0
            +---------+---------+-------+---------+---------+-------
        D:1 |      14 |       0 |   0.0 |       7 |       0 |   0.0
            +---------+---------+-------+---------+---------+-------
